 Dungeon Crawl Stone Soup version 0.29.0-4-gdea44cf6ec (webtiles) character file.

Game seed: 10077148222415420148

52 qw the Chopper (level 3, -4/21 HPs)
             Began as a Tengu Warper on Aug 28, 2022.
             Killed by divine providence
             ... invoked by an orc priest
              (14 damage)
             ... on level 3 of the Dungeon.
             The game lasted 00:00:09 (2020 turns).

qw the Chopper (Tengu Warper)                       Turns: 2020, Time: 00:00:09

Health: -4/21      AC:  6    Str: 13    XL:     3   Next: 85%
Magic:  7/7        EV: 11    Int: 13    God:
Gold:   172        SH:  0    Dex: 19    Spells: 6/6 levels left

rFire   . . .      SeeInvis .   Y - +0 hand axe (chaos)
rCold   . . .      Faith    .   (no shield)
rNeg    . . .      Spirit   .   h - +0 ring mail
rPois   .          Reflect  .   c - +1 hat
rElec   .          Harm     .   (no cloak)
rCorr   .          Rampage  .   (no gloves)
Will    .....                   (boots unavailable)
Stlth   +.........              (no amulet)
HPRegen 0.07/turn               b - +4 ring of slaying {mikee}
MPRegen 0.10/turn               g - +6 ring of dexterity

@: no status effects
A: beak, talons 3
a: no special abilities


You were on level 3 of the Dungeon.
You visited 1 branch of the dungeon, and saw 3 of its levels.

You collected 172 gold pieces.


Innate Abilities, Weirdness & Mutations

You have a beak for a mouth.
You have claws for feet.


   Skills:
 - Level 2.0 Fighting
 + Level 4.4 Axes
 - Level 1.0 Throwing
 - Level 1.1 Armour
 - Level 2.1 Dodging
 - Level 2.0 Spellcasting
 - Level 2.4 Translocations


You had 6 spell levels left.
You didn't know any spells.
Your spell library contained the following spells:

 Spells                   Type           Power      Damage    Failure   Level
 Blink                    Tloc           14%        N/A       30%         2
 Gell's Gravitas          Tloc           7%         N/A       52%         3
 Lesser Beckoning         Tloc           7%         N/A       52%         3
 Teleport Other           Tloc           7%         N/A       52%         3
 Manifold Assault         Tloc           7%         N/A       99%         5

Inventory:

Hand Weapons
 a - a +0 whip
 Y - a +0 hand axe of chaos (weapon)
Armour
 c - a +1 hat (worn)
 h - a +0 ring mail (worn)
Jewellery
 b - a +4 ring of slaying (left hand) {mikee}
 g - a +6 ring of dexterity (right hand)
Potions
 e - a potion of heal wounds {unknown}
 f - a potion of mutation {unknown}

Dungeon Overview and Level Annotations

Branches:
Dungeon (3/15)

Altars:


Message History

There is a stone staircase leading up here.
Existing waypoints: (1) D:2 (2) D:1 Assign waypoint to what number? (0-9, D - delete waypoint) Waypoint 2 re-assigned from D:1 to D:3.
You see here a +2 falchion of freezing.
A giant cockroach comes into view.
You hit the giant cockroach.
You kill the giant cockroach!
An orc comes into view. It is wielding a +0 falchion.
Found an ivory wand and 16 gold pieces.
The orc shouts!
You hear a shout! x2
Enter note: A ball python comes into view.
An orc comes into view. It is wielding a +0 hand axe.
You slash the orc!
You kill the orc!
An orc priest comes into view. It is wielding a +0 club.
2012 ||| Stepping ~*~*~tactically~*~*~ (stealth).
You barely miss the ball python. Your peck misses the ball python.
The ball python bites you but does no damage.
The ball python grabs you. The ball python constricts you.
An orc comes into view. It is wielding a +0 club.
The ball python bites you but does no damage.
The ball python constricts you.
The orc shouts!
The orc priest shouts!
You hit the ball python.
You kill the ball python!
2016 ||| Stepping ~*~*~tactically~*~*~ (hiding).
2017 ||| Stepping ~*~*~tactically~*~*~ (hiding).
You closely miss the orc. Your kick misses the orc.
The orc priest mumbles some strange prayers to Beogh against you.
Beogh smites you!
Ouch! That really hurt!
The orc closely misses you.
You barely miss the orc.
The orc priest mumbles some strange prayers to Beogh against you.
Beogh smites you!
Ouch! That really hurt!
You die...

#....#.##
###.##..###
#.###...##
#.# ###..#
#.# ##.#
#.# #.# #.#
#.# #.# #@#
#o# #.# #.#
#oo..../#
#.....o.#
#..o....o
#.......#
........#


You could see an orc priest and 2 orcs.

Vanquished Creatures
  An adder (D:2)
  2 worms (D:2)
  An orc (D:3)
  2 giant cockroaches
  A goblin (D:2)
  8 hobgoblins
  4 jackals
  2 quokkas (D:1)
  2 ball pythons
  4 bats
  2 frilled lizards (D:1)
  2 kobolds (D:1)
  5 rats
36 creatures vanquished.

Notes
Turn   | Place    | Note
-------+----------+-------------------------------------------
     0 | D:1      | qw the Tengu Warper began the quest for the Orb.
     0 | D:1      | Reached XP level 1. HP: 12/12 MP: 4/4
     0 | D:1      | 0 ||| qw: Version: 0.1-a-89-g26bdef1
     0 | D:1      | 0 ||| qw: Game counter: 2812
     0 | D:1      | 0 ||| qw: Always use a shield: true
     0 | D:1      | 0 ||| qw: God list: Okawaru
     0 | D:1      | 0 ||| qw: Allow faded altars: false
     0 | D:1      | 0 ||| qw: Do Orc after D:15 true
     0 | D:1      | 0 ||| qw: Do second Lair branch before Depths: true
     0 | D:1      | 0 ||| qw: Lair rune preference: random
     0 | D:1      | 0 ||| qw: Plans: Normal
     0 | D:1      | 0 ||| PLANNING D:1-11
    72 | D:1      | Reached XP level 2. HP: 9/17 MP: 6/6
    81 | D:1      | Reached skill level 3 in Axes
   265 | D:1      | You fall into a shaft and drop 1 floor!
   337 | D:2      | 337 ||| UPGRADING to +0 ring mail.
   347 | D:2      | 347 ||| DROPPING +0 leather armour.
   348 | D:2      | 348 ||| READING scroll labelled KIUCEX PAHONI.
   349 | D:2      | 349 ||| READING scroll labelled UFFAST SUDEPUTI.
   350 | D:2      | 350 ||| DROPPING scroll of blinking.
   498 | D:1      | 498 ||| DROPPING +0 club.
   543 | D:1      | 543 ||| Stepping ~*~*~tactically~*~*~ (stealth).
  1023 | D:1      | Found a faded altar of an unknown god.
  1234 | D:1      | 1234 ||| UPGRADING to +1 hat.
  1239 | D:1      | 1239 ||| UPGRADING to +4 ring of slaying {mikee}.
  1249 | D:2      | 1249 ||| Stepping ~*~*~tactically~*~*~ (stealth).
  1431 | D:2      | Reached XP level 3. HP: 17/21 MP: 7/7
  1612 | D:2      | Reached skill level 4 in Axes
  1815 | D:2      | 1815 ||| UPGRADING to +6 ring of dexterity.
  1816 | D:2      | 1816 ||| READING scroll labelled BUSSIO ASMU.
  1922 | D:2      | 1922 ||| READING 2 scrolls labelled BEFFAE PEZODD.
  1923 | D:2      | 1923 ||| DROPPING scroll of vulnerability.
  2012 | D:3      | 2012 ||| Stepping ~*~*~tactically~*~*~ (stealth).
  2016 | D:3      | 2016 ||| Stepping ~*~*~tactically~*~*~ (hiding).
  2017 | D:3      | 2017 ||| Stepping ~*~*~tactically~*~*~ (hiding).
  2020 | D:3      | Killed from afar by an orc priest

Levels and vault maps discovered:
D:1:      minmay_arrival_stair_chambers, layout_loops_ring,
          shapermc_ecumenical_altar_mp_highgroup, chequers_serial_rivers_room_b,
          serial_bayou_lagoon_a, minmay_tetromino_o2
D:2:      layout_basic, serial_glass, glass_columns_a, glass_columns_a,
          glass_columns_a, glass_columns_b, glass_columns_a, glass_columns_a,
          glass_columns_c, glass_columns_a, glass_columns_a, glass_columns_c
D:3:      layout_rooms

Skill      XL: |  1  2  3 |
---------------+----------+-----
Axes           | 3 4 |  4.4
Fighting       | |  2.0
Throwing       | |  1.0
Armour         | |  1.1
Dodging        | |  2.1
Spellcasting   | |  2.0
Translocations | |  2.4

Action                   || total
-------------------------++-------
Melee: Hand axe          ||    73
       Kick              ||    13
       Peck              ||    13
Throw: Boomerang         ||     7
  Use: Scroll            ||     4
Armor: Leather armour    ||     7
       Ring mail         ||    16
Dodge: Dodged            ||    38

Table legend:
 A = Non-vault XP
 B = Vault XP
 C = Vault XP percentage of total XP
 D = Non-vault monster count
 E = Vault monster count
 F = Vault count percentage of total count
                 A         B        C        D         E       F
            +---------+---------+-------+---------+---------+-------
      Total |      72 |       3 |   4.0 |      34 |       2 |   5.6
            +---------+---------+-------+---------+---------+-------
        D:1 |      23 |       3 |  11.5 |      15 |       2 |  11.8
        D:2 |      42 |       0 |   0.0 |      16 |       0 |   0.0
        D:3 |       7 |       0 |   0.0 |       3 |       0 |   0.0
            +---------+---------+-------+---------+---------+-------
